Cogmind - Beta 14 @@@ ROGUE MODE // 2025.01.04 @ 20:53:39 Player: Byrnorthil Result: Destroyed by G-50 Soldier with Heavy Laser Performance ------------- Evolutions (4) 2000 Regions Visited (10) 2000 Robots Destroyed (205) 1025 Value Destroyed (7426) 7426 Prototype IDs (12) 240 Alien Tech Used (0) 0 Bonus (1428) 1428 TOTAL SCORE: 14119 Bonus ------- High Alert Combat Kills 344 Follower Combat Kills 667 Network Hubs Disabled 200 Met R17 at Cetus 500 Friendly Fire -283 Cogmind --------- Core Integrity 0/850 Matter 124/300 Energy 99/100 System Corruption 20% Temperature Cool (9) Movement Core (50) Location -6/Hub_04(d) Parts ------- > --- POWER (2) -------- (None) > --- PROPULSION (5) --- (None) > --- UTILITY (6) ------ (None) > --- WEAPON (2) ------- (None) > --- INVENTORY (5) ---- Advanced Heat Sink Advanced Energy Well (500) Structural Scanner Advanced Variable Charge Gun Advanced Datajack Peak State ------------ > --- POWER ------------ Neutrino Core Neutrino Core > --- PROPULSION ------- Medium Treads Centrium Heavy Treads Centrium Heavy Treads > --- UTILITY ---------- Huge Storage Unit Centrium Medium Armor Plating Centrium Medium Armor Plating Graphene Brace Improved Hacking Suite Improved System Shield > --- WEAPON ----------- Advanced KE Penetrator Advanced KE Penetrator > --- INVENTORY -------- Quantum Reactor Quantum Reactor Light Treads Light Treads Light Treads Advanced Heat Sink Advanced Heat Sink High-capacity Storage Unit Advanced Energy Well Structural Scanner Centrium Medium Armor Plating Improved Hacking Suite Advanced Variable Charge Gun Advanced Variable Charge Gun Advanced Variable Charge Gun Advanced Variable Charge Gun Precision Grenade Launcher Advanced Datajack Plasma Cutter [Rating: 114] Favorites ----------- Power Neutrino Core Engine Ion Engine Power Core Neutrino Core Reactor Quantum Reactor Propulsion Light Treads Treads Light Treads Leg Aluminum Leg Wheel Compact Wheel Utility High-capacity Storage Unit Device Seismic Detector Storage High-capacity Storage Unit Processor Transport Network Coupler Hackware Improved Hacking Suite Protection Centrium Medium Armor Plating Weapon Advanced KE Penetrator Energy Gun Advanced Variable Charge Gun Energy Cannon Plasma Cannon Ballistic Gun Advanced KE Penetrator Ballistic Cannon Light Cannon Launcher Precision Grenade Launcher Special Weapon Plasma Cutter Build | -11 -10 -10 -9 -8 -7 -6 -6 -6 -6 -6 ------- Run | Yrd Mat Min Mat Mat Fac Fac Ext Cet Arc Hub Slots Evolved 8 | . . . 2 2 2 2 . . . . Power 1 | . . . . . . 1 . . . . Propulsion 3 | . . . . 1 1 1 . . . . Utility 4 | . . . 2 1 1 . . . . . Weapon . | . . . . . . . . . . . Parts Attached 243 | 7 12 4 17 29 35 18 45 33 17 26 Power 21 | 1 1 . 2 3 . 3 5 4 2 . Engine 11 | 1 1 . 2 3 . 3 1 . . . Core 8 | . . . . . . . 4 2 2 . Reactor 2 | . . . . . . . . 2 . . Propulsion 58 | 2 2 1 5 8 8 2 15 10 1 4 Treads 54 | . 1 1 5 8 8 2 14 10 1 4 Leg 3 | 2 . . . . . . 1 . . . Wheel 1 | . 1 . . . . . . . . . Hover . | . . . . . . . . . . . Flight . | . . . . . . . . . . . Utility 112 | 2 5 3 7 14 14 10 19 10 7 21 Device 77 | 1 2 3 5 8 12 10 12 5 6 13 Storage 6 | 1 3 . . . . . 1 . . 1 Processor 1 | . . . 1 . . . . . . . Hackware 3 | . . . . . . . . . . 3 Protection 25 | . . . 1 6 2 . 6 5 1 4 Artifact . | . . . . . . . . . . . Weapon 52 | 2 4 . 3 4 13 3 6 9 7 1 Energy Gun 12 | 2 1 . 1 . . . . 5 2 1 Energy Cannon 17 | . . . 2 2 5 3 4 1 . . Ballistic Gun 8 | . 1 . . . . . . 2 5 . Ballistic Cannon 7 | . 2 . . 2 3 . . . . . Launcher 7 | . . . . . 5 . 2 . . . Special Weapon 1 | . . . . . . . . 1 . . Impact Weapon . | . . . . . . . . . . . Slashing Weapon . | . . . . . . . . . . . Piercing Weapon . | . . . . . . . . . . . Special Melee Weapon . | . . . . . . . . . . . Unidentified Prototypes 8 | . . . 2 . 1 . 1 4 . . Parts Lost 56 | . . 2 2 11 2 . 16 6 . 17 Power 8 | . . . . 2 . . 2 2 . 2 Propulsion 23 | . . 1 1 3 . . 8 4 . 6 Utility 19 | . . 1 . 4 2 . 6 . . 6 Weapon 6 | . . . 1 2 . . . . . 3 Highest Loss Streak 15 | . . 2 1 6 1 . 14 3 . 15 To Critical Strikes . | . . . . . . . . . . . Average Slot Usage (%) 92 | . 99 99 100 96 88 93 94 91 85 84 Engine 6 | . 14 14 11 8 7 13 2 . . . Core 4 | . . . . . . . 8 2 12 12 Treads 24 | . 11 27 22 26 30 33 29 25 20 19 Device 19 | . 14 13 23 26 22 20 19 20 25 6 Storage 8 | . 14 14 11 9 7 6 6 6 6 5 Hackware 1 | . . . . . . . . . . 18 Protection 6 | . . . 5 7 6 6 12 13 6 6 Energy Gun 1 | . 11 . . . . . . 5 1 . Energy Cannon 6 | . . . 17 14 6 13 12 4 . . Ballistic Gun 2 | . . . . . . . . 1 11 12 Ballistic Cannon 6 | . 15 28 4 3 4 . . . . . Peak Build Rating 114 | 7 8 12 23 37 46 59 61 102 110 114 Average Rating 50 | 5 7 8 20 27 41 53 55 85 105 103 On Entrance 40 | . 7 8 10 22 31 45 59 55 100 105 Naked Turns 3 | . . . . . . . . . . 3 Heaviest Build 134 | 14 52 52 61 81 92 115 111 110 110 134 Greatest Support 188 | 20 20 40 46 66 96 116 116 180 183 188 Greatest Overweight (x) 3 | . 3 1 1 1 1 . 1 1 . 2 Average Overweight (x) . | . 1 1 1 . . . . . . . Largest Inventory Capacity 25 | 8 20 20 20 20 20 20 20 20 20 25 Average Capacity 19 | 7 16 20 20 20 20 20 20 20 20 21 Most Carried 21 | 6 19 20 20 20 20 20 20 20 20 21 Average Carried 18 | 2 12 19 19 17 19 18 18 19 19 19 Final Capacity 20 | 8 20 20 20 20 20 20 20 20 20 5 Final Carried 20 | 6 18 20 19 20 19 20 19 20 20 5 Class Distribution -------------------- 63% | Scavenger-Mutant 33% | Mutant Dominant Class ---------------- Mutant | -10/Materials Mutant | -10/Mines Mutant | -9/Materials Mutant | -8/Materials Scavenger-Mutant | -7/Factory Scavenger-Mutant | -6/Factory Scavenger-Mutant | -6/Extension Scavenger-Mutant | -6/Cetus Scavenger-Mutant | -6/Archives Scavenger-Mutant | -6/Hub_04(d) Resources | -11 -10 -10 -9 -8 -7 -6 -6 -6 -6 -6 ----------- Run | Yrd Mat Min Mat Mat Fac Fac Ext Cet Arc Hub Matter Collected 3883 | 256 277 136 364 320 696 205 431 372 239 587 Remotely 310 | . . . 20 . 290 . . . . . Salvage Created 8063 | 24 476 10 836 1446 740 278 1345 526 632 1750 Parts 446 | 3 46 6 65 85 45 22 45 25 27 77 Haulers Intercepted 17 | . 1 . 4 4 3 . 1 . . 4 Recyclers Shooed 2 | . . . . 1 1 . . . . . Parts Field Recycled . | . . . . . . . . . . . Retrieved Matter . | . . . . . . . . . . . Parts Self-Destructed . | . . . . . . . . . . . Prevented . | . . . . . . . . . . . Kills | -11 -10 -10 -9 -8 -7 -6 -6 -6 -6 -6 ------- Run | Yrd Mat Min Mat Mat Fac Fac Ext Cet Arc Hub Combat Hostiles Destroyed 142 | . 18 3 21 23 21 4 25 7 4 16 Melee 1 | . . . . 1 . . . . . . Guns 31 | . 9 . 1 . . . . 2 3 16 Cannons 83 | . 8 3 19 21 8 4 16 4 . . AOE 20 | . 1 . 1 . 12 . 6 . . . Classes Destroyed 18 | 1 5 . 1 4 3 . 3 . . 1 Worker 9 | . 1 1 . 1 2 . . . . 4 Builder 5 | . . . . 1 . 1 1 . . 2 Tunneler 2 | 1 . . . . . . . . . 1 Hauler 17 | . 1 . 4 4 3 . 1 . . 4 Recycler 5 | . . . . 3 . . . . . 2 Operator 11 | . . . . . 1 . . . 9 1 Watcher 17 | . 2 . 4 2 4 1 2 2 . . Swarmer 40 | . 9 3 9 6 10 . 1 . . 2 Grunt 48 | . 9 . 8 10 7 2 9 . . 3 Brawler 1 | . . . . . 1 . . . . . Sentry 27 | . . . 4 4 1 1 8 . 4 5 Demolisher 2 | . . . . . . . 2 . . . Specialist 1 | . . . . . . . . . . 1 Hunter 5 | . . . . 2 . . 1 . . 2 Programmer 4 | . . . . . 2 1 . . . 1 Heavy 1 | . . . . 1 . . . . . . Cetus Guard 7 | . . . . . . . . 7 . . Lightning 2 | . . . . . . . . . . 2 Assembled 4 | . . . . . . . 4 . . . Butcher 1 | . . . . . . . 1 . . . Best Kill Streak 11 | 1 6 3 6 7 4 3 5 3 5 11 Combat Bots Only 7 | . 6 3 3 7 4 1 4 3 2 3 Max Kills in Single Turn 8 | 1 2 1 1 1 2 1 2 1 1 8 Gunslinging . | . . . . . . . . . . . Exploded 2 | . 1 . 1 . 2 . 2 . . . Melee 1 | . . . . 1 . . . . . . Uniques/NPCs Destroyed . | . . . . . . . . . . . Combat | -11 -10 -10 -9 -8 -7 -6 -6 -6 -6 -6 -------- Run | Yrd Mat Min Mat Mat Fac Fac Ext Cet Arc Hub Hostile Shots Fired 1265 | . 68 32 81 135 113 45 391 106 28 266 Missed 359 | . 20 10 29 41 29 16 130 28 7 49 Damage Taken 14204 | . 456 175 521 2003 1260 360 2693 2111 499 4126 Core 1362 | . 126 46 128 154 51 4 292 127 21 413 Absorbed by Shields 997 | . . . . . 319 117 561 . . . Reduced by Siege Mode 347 | . . . . . . . . 68 56 223 Regen/Repaired (Parts) 349 | . . . . . 349 . . . . . Core Remaining (%) 72 | 100 . 31 68 72 92 . . . . . Volleys Fired 510 | 1 47 9 50 87 70 15 83 40 33 75 Largest 2 | 2 2 2 2 2 2 2 2 2 2 2 Hottest 480 | 90 100 70 136 136 160 180 170 480 480 115 Shots Fired 951 | 2 94 18 100 173 88 29 155 81 67 144 Gun 298 | 2 48 . 3 . . . . 34 67 144 Cannon 636 | . 46 18 97 173 77 29 149 47 . . Launcher 17 | . . . . . 11 . 6 . . . Special . | . . . . . . . . . . . Kinetic 349 | . 56 18 51 15 37 . . 13 16 143 Thermal 585 | 2 38 . 49 158 40 29 149 68 51 1 Explosive 17 | . . . . . 11 . 6 . . . Electromagnetic . | . . . . . . . . . . . Robot Hit Streak 28 | 2 4 3 11 15 11 7 17 28 25 18 Robot Miss Streak 7 | . 4 4 5 3 4 3 7 5 2 3 Penetration Max 1 | . . . . . . . . . . 1 Secondary Targets 4 | . 2 . . . . . . 1 . 1 Max Gunslinging Chain 1 | . 1 . . . . . . 1 . 1 Shots Hit Robots 617 | 2 50 7 48 115 53 17 105 63 55 102 Core Hits 317 | 1 24 3 30 51 42 11 53 27 26 49 Critical Kills 13 | . . . . . . . 2 . 1 10 Critical Parts Destroyed 16 | . . . . . . . . . 3 13 Critical Strikes 43 | 1 4 1 4 . 2 . 2 . 5 24 Burn 4 | 1 2 . 1 . . . . . . . Meltdown 2 | . . . . . . . 2 . . . Destroy 29 | . . . . . . . . . 5 24 Blast 8 | . 2 1 3 . 2 . . . . . Melee Attacks . | . . . . . . . . . . . Impact . | . . . . . . . . . . . Slashing . | . . . . . . . . . . . Piercing . | . . . . . . . . . . . Sneak Attacks . | . . . . . . . . . . . Combat Hostiles . | . . . . . . . . . . . Follow-up Attacks . | . . . . . . . . . . . Damage Inflicted 20225 | 22 927 164 1023 2525 2991 560 4231 2021 1766 3995 Guns 6035 | 22 285 . 45 . . . . 1028 1766 2889 Cannons 10279 | . 523 143 977 2493 1723 560 2867 993 . . Explosions 3730 | . 117 . . . 1176 . 1353 . . 1084 Melee . | . . . . . . . . . . . Ramming 181 | . 2 21 1 32 92 . 11 . . 22 Kinetic 5731 | . 563 143 428 117 1031 . . 244 338 2867 Thermal 10777 | 22 245 . 594 2376 692 560 3061 1777 1428 22 Explosive 2452 | . 117 . . . 1176 . 1159 . . . Electromagnetic 1084 | . . . . . . . . . . 1084 Impact . | . . . . . . . . . . . Slashing . | . . . . . . . . . . . Piercing . | . . . . . . . . . . . Highest Corruption 20 | . . . . . . 1 1 1 1 20 Average Corruption 1 | . . . . . . 1 1 1 1 1 Corruption Purged 2 | . . . . . . . 1 . 1 . Corruption Blocked . | . . . . . . . . . . . Effects 20 | . . . . . . . 2 5 2 11 Message Errors 4 | . . . . . . . 1 . . 3 Matter Fused 4 | . . . . . . . . . 1 3 Heat Flow Errors 3 | . . . . . . . 1 . . 2 Energy Discharges 4 | . . . . . . . . 2 . 2 Misfires 3 | . . . . . . . . 2 1 . Alerts 1 | . . . . . . . . . . 1 Weapon Failures 1 | . . . . . . . . 1 . . Overload Shots 6 | . . . . . . . . 4 2 . Effects 1 | . . . . . . . . 1 . . Heat Surge 1 | . . . . . . . . 1 . . Overflow Damage 490 | . 8 . 5 4 261 . 128 . . 84 Projectiles 155 | . . . 5 4 140 . 6 . . . Explosions 335 | . 8 . . . 121 . 122 . . 84 Melee . | . . . . . . . . . . . Knockbacks 21 | . 7 . 4 2 7 . . . . 1 Impact 2 | . . . . 1 . . . . . 1 Kinetic 16 | . 5 . 4 1 6 . . . . . Secondary 3 | . 2 . . . 1 . . . . . Self-Inflicted Damage 461 | . . . . . 348 . 35 . . 78 Shots 7 | . . . . . 5 . 1 . . 1 Rammed 18 | . 2 3 1 2 5 . 3 . . 2 Targets Rammed 23 | . 2 4 1 4 7 . 3 . . 2 Kicked . | . . . . . . . . . . . Crushed 5 | . . 1 . 2 2 . . . . . Highest Temperature 505 | 30 162 45 180 280 393 454 505 490 348 238 Average Temperature 89 | 18 47 19 59 67 129 150 97 150 98 72 Received Heat Transfer 2713 | . 132 . 84 513 276 59 596 144 126 783 Effects 12 | . . . . . 1 4 2 4 1 . Shutdowns 4 | . . . . . . 2 1 1 . . Interference 5 | . . . . . 1 1 . 3 . . Short Circuit 3 | . . . . . . 1 1 . 1 . Siege Activations 16 | . . . . . . . . 1 5 10 Total Turns 347 | . . . . . . . . 73 101 173 Longest Duration 73 | . . . . . . . . 73 52 49 Robots Corrupted 1 | . . . . . . . . . . 1 Combat Hostiles . | . . . . . . . . . . . Parts Fried 5 | . . . . . . . . . . 5 Impact Corruptions 1 | . . . . . 1 . . . . . Robots Melted 7 | . . . . 1 1 . 3 1 1 . Combat Hostiles 7 | . . . . 1 1 . 3 1 1 . Parts Melted 48 | . . . 1 13 4 4 15 4 7 . Heat Transferred 17860 | 136 876 . 1073 4255 1248 900 5200 2605 1530 37 Parts Sabotaged . | . . . . . . . . . . . Parts Stolen . | . . . . . . . . . . . Parts Stripped . | . . . . . . . . . . . Power Chain Reactions . | . . . . . . . . . . . Alert | -11 -10 -10 -9 -8 -7 -6 -6 -6 -6 -6 ------- Run | Yrd Mat Min Mat Mat Fac Fac Ext Cet Arc Hub Peak Influence 617 | 5 375 179 341 590 617 342 420 235 208 614 Initial 270 | . 3 96 . 83 242 270 123 235 10 . Average 206 | . 198 41 213 398 435 244 237 107 29 189 Maximum Alert Level 2 | . 1 . 1 2 2 1 2 1 1 2 Low Security (%) 53 | 100 41 100 44 8 . 25 41 94 98 70 Level 1 28 | . 58 . 55 32 24 74 53 5 1 21 Level 2 17 | . . . . 59 75 . 4 . . 8 Level 3 . | . . . . . . . . . . . Level 4 . | . . . . . . . . . . . Level 5 . | . . . . . . . . . . . High Security . | . . . . . . . . . . . Max Security . | . . . . . . . . . . . Squads Dispatched 32 | . 5 . 3 5 7 2 2 . . 8 Investigation 8 | . 5 . 1 1 . . 1 . . . Extermination 5 | . . . . . 3 1 . . . 1 Reinforcement 12 | . . . 2 1 3 1 1 . . 4 Assault 2 | . . . . . 1 . . . . 1 Garrison 5 | . . . . 3 . . . . . 2 Intercept . | . . . . . . . . . . . Searches Triggered . | . . . . . . . . . . . Construction Impeded 1 | . . . . . . . . . . 1 Haulers Reinforced 2 | . . . . . . . . . . 2 Active Scanning Responses . | . . . . . . . . . . . Cargo Convoy Interrupts 1 | . . . . . . 1 . . . . Stealth | -11 -10 -10 -9 -8 -7 -6 -6 -6 -6 -6 --------- Run | Yrd Mat Min Mat Mat Fac Fac Ext Cet Arc Hub Distress Signals 11 | . 2 . 2 1 . . 2 2 . 2 Communications Jammed . | . . . . . . . . . . . Distress Signals . | . . . . . . . . . . . Times Spotted 247 | . 28 3 30 39 32 6 54 10 12 33 Peak Tracking Total 12 | . 4 3 4 9 4 4 6 5 2 12 Tactical Retreats 14 | . . . 3 4 3 . 1 . . 3 Traps | -11 -10 -10 -9 -8 -7 -6 -6 -6 -6 -6 ------- Run | Yrd Mat Min Mat Mat Fac Fac Ext Cet Arc Hub Traps Triggered 3 | . 1 . . . . 1 1 . . . Indirectly . | . . . . . . . . . . . Trap Hack Attempts . | . . . . . . . . . . . Triggered . | . . . . . . . . . . . Disarmed 7 | . . . . . . . . . . 7 Reprogrammed . | . . . . . . . . . . . Reused . | . . . . . . . . . . . Traps Extracted . | . . . . . . . . . . . Installed . | . . . . . . . . . . . Triggered 2 | . . . . . . 2 . . . . Machines | -11 -10 -10 -9 -8 -7 -6 -6 -6 -6 -6 ---------- Run | Yrd Mat Min Mat Mat Fac Fac Ext Cet Arc Hub Machines Disabled 44 | . 2 . 2 2 9 . 7 1 3 18 Max in Single Turn 13 | . 2 . 1 1 4 . 3 1 1 13 Garrison Access 3 | . . . . . 1 . . . . 2 Network Hub 1 | . . . . . . . . . . 1 Energy Cycler 2 | . . . . . . . 2 . . . Machines Repaired . | . . . . . . . . . . . Machines Dismantled 1 | . . . . . . . . 1 . . Machines Sabotaged . | . . . . . . . . . . . Overloaded Fab Kills . | . . . . . . . . . . . Hacking | -11 -10 -10 -9 -8 -7 -6 -6 -6 -6 -6 --------- Run | Yrd Mat Min Mat Mat Fac Fac Ext Cet Arc Hub Machines Accessed 36 | . 6 . 2 4 6 1 5 1 1 10 Terminals 27 | . 5 . 2 4 1 1 5 1 . 8 Fabricators . | . . . . . . . . . . . Repair Stations 2 | . . . . . 2 . . . . . Recycling Units 2 | . 1 . . . 1 . . . . . Scanalyzers 1 | . . . . . 1 . . . . . Garrison Access 3 | . . . . . 1 . . . . 2 Total Hacks 142 | . 22 . 7 13 18 5 9 3 25 40 Successful 70 | . 9 . 2 4 4 2 3 . 25 21 Failed 72 | . 13 . 5 9 14 3 6 3 . 19 Catastrophic 7 | . . . 1 . 4 . 1 1 . . Database Lockouts . | . . . . . . . . . . . Manual 63 | . 19 . 7 10 2 5 3 . 1 16 Terminals 92 | . 19 . 7 13 1 5 9 3 . 35 Fabricators . | . . . . . . . . . . . Repair Stations 9 | . . . . . 9 . . . . . Recycling Units 5 | . 3 . . . 2 . . . . . Scanalyzers 2 | . . . . . 2 . . . . . Garrison Access 9 | . . . . . 4 . . . . 5 Terminal Hacks 48 | . 5 . 1 1 . . 2 . 25 14 Record 25 | . . . . . . . . . 25 . Part Schematic 1 | . . . . . . . . . . 1 Robot Analysis 4 | . 4 . . . . . . . . . Prototype ID Bank 2 | . 1 . . 1 . . . . . . Open Door 2 | . . . . . . . 2 . . . Level Access Points 1 | . . . . . . . . . . 1 Emergency Access Points 2 | . . . . . . . . . . 2 Terminal Index 1 | . . . . . . . . . . 1 Garrison Index 1 | . . . . . . . . . . 1 Alert Level 1 | . . . . . . . . . . 1 Unreport Threat 1 | . . . . . . . . . . 1 Locate Traps 1 | . . . 1 . . . . . . . Disarm Traps 2 | . . . . . . . . . . 2 Security Status 1 | . . . . . . . . . . 1 Recall Reinforcements 1 | . . . . . . . . . . 1 Zone Layout 2 | . . . . . . . . . . 2 Fabricator Hacks . | . . . . . . . . . . . Repair Station Hacks 2 | . . . . . 2 . . . . . Scan Component 1 | . . . . . 1 . . . . . Repair 1 | . . . . . 1 . . . . . Recycling Unit Hacks 2 | . 1 . . . 1 . . . . . Report Inventory 2 | . 1 . . . 1 . . . . . Scanalyzer . | . . . . . . . . . . . Garrison Access Hacks 3 | . . . . . 1 . . . . 2 Seal Access 3 | . . . . . 1 . . . . 2 Unauthorized Hacks 15 | . 3 . 1 3 . 2 1 . . 5 Terminals 15 | . 3 . 1 3 . 2 1 . . 5 Track 4 | . 1 . . 1 . 1 . . . 1 Botnet 10 | . 2 . 1 2 . 1 1 . . 3 Operators 1 | . . . . . . . . . . 1 Fabricators . | . . . . . . . . . . . Repair Stations . | . . . . . . . . . . . Recycling Units . | . . . . . . . . . . . Scanalyzers . | . . . . . . . . . . . Garrison Access . | . . . . . . . . . . . Data Cores Recovered 1 | . . . . . 1 . . . . . Used . | . . . . . . . . . . . Hacking Detections 33 | . 6 . 2 4 6 1 4 1 . 9 Full Trace Events 10 | . 5 . 2 2 . . 1 . . . Feedback Events . | . . . . . . . . . . . Feedback Blocked . | . . . . . . . . . . . Robot Schematics Acquired . | . . . . . . . . . . . Robots Built . | . . . . . . . . . . . Authchips . | . . . . . . . . . . . Time . | . . . . . . . . . . . Total Robot Build Rating . | . . . . . . . . . . . Part Schematics Acquired 1 | . . . . . . . . . . 1 Parts Built . | . . . . . . . . . . . Authchips . | . . . . . . . . . . . Time . | . . . . . . . . . . . Total Part Build Rating . | . . . . . . . . . . . Parts Repaired 1 | . . . . . 1 . . . . . Time 22 | . . . . . 22 . . . . . Parts Recycled . | . . . . . . . . . . . Recycled Matter . | . . . . . . . . . . . Retrieved Matter . | . . . . . . . . . . . Retrieved Components . | . . . . . . . . . . . Parts Scanalyzed . | . . . . . . . . . . . Part Schematics Acquired . | . . . . . . . . . . . Parts Damaged . | . . . . . . . . . . . Bothacking | -11 -10 -10 -9 -8 -7 -6 -6 -6 -6 -6 ------------ Run | Yrd Mat Min Mat Mat Fac Fac Ext Cet Arc Hub Used RIF Installer . | . . . . . . . . . . . Robots Hacked . | . . . . . . . . . . . Non-combat . | . . . . . . . . . . . Combat . | . . . . . . . . . . . Robot Hacks Applied . | . . . . . . . . . . . Relay Couplers Released 2 | . . . . . . . . . . 2 Machine Destruction 2 | . . . . . . . . . . 2 Fabnet Peak Effective % . | . . . . . . . . . . . Robots Rewired 26 | . . . . . . . 26 . . . Allies Hacked . | . . . . . . . . . . . Hacks Repelled . | . . . . . . . . . . . Allies | -11 -10 -10 -9 -8 -7 -6 -6 -6 -6 -6 -------- Run | Yrd Mat Min Mat Mat Fac Fac Ext Cet Arc Hub Total Allies 30 | . . 2 . . . . 28 . . . Largest Group 9 | . . 1 1 . . . 9 8 . . Highest-Rated Group 379 | . . 31 31 . . . 379 221 . . Highest-Rated Ally 159 | . . 31 31 . . . 159 39 . . Total Orders . | . . . . . . . . . . . Ally Attacks 195 | . . 6 4 . . . 175 10 . . Total Damage 3405 | . . 84 43 . . . 3140 138 . . Kills 34 | . . 3 . . . . 31 . . . Allies Corrupted . | . . . . . . . . . . . Allies Melted . | . . . . . . . . . . . Intel | -11 -10 -10 -9 -8 -7 -6 -6 -6 -6 -6 ------- Run | Yrd Mat Min Mat Mat Fac Fac Ext Cet Arc Hub Robot Analysis Total 4 | . 4 . . . . . . . . . Derelict Logs Recovered 1 | . . 1 . . . . . . . . Drone Launches . | . . . . . . . . . . . Drone Recoveries . | . . . . . . . . . . . Exploration | -11 -10 -10 -9 -8 -7 -6 -6 -6 -6 -6 ------------- Run | Yrd Mat Min Mat Mat Fac Fac Ext Cet Arc Hub Turns Passed 13120 | 87 885 1737 1260 999 2042 719 1700 531 2068 1092 Spaces Moved 5068 | 61 495 704 417 377 1040 384 669 194 283 444 Core 16 | 10 . . . . . . . . . 6 Treads 4518 | . 12 704 417 377 1040 384 669 194 283 438 Legs 167 | 51 116 . . . . . . . . . Wheels 367 | . 367 . . . . . . . . . Hover . | . . . . . . . . . . . Flight . | . . . . . . . . . . . Fastest Speed 50 | 50 115 240 240 160 160 160 160 160 160 50 Average Speed 177 | 108 134 240 240 170 165 160 169 161 160 158 Slowest Speed 320 | 120 240 240 240 240 240 160 240 240 160 320 Overloaded Moves . | . . . . . . . . . . . Propulsion Burnouts . | . . . . . . . . . . . Robots Hopped . | . . . . . . . . . . . Cave-ins Triggered . | . . . . . . . . . . . Exploration Rate (%) 53 | 6 77 97 36 40 32 10 82 73 97 40 Regions Visited 10 Branch Regions 5 Pre-discovered Areas . | . . . . . . . . . . . Known Exits Taken . | . . . . . . . . . . . Unknown Exits Taken 10 | 1 1 1 1 1 1 1 1 1 1 . Scrap Searched 1 | . . 1 . . . . . . . . Spaces Dug 15 | . . . . 1 9 . . . . 5 Terrain Destroyed 449 | . 17 . 1 5 153 7 57 5 3 201 Melee . | . . . . . . . . . . . Projectile 100 | . . . 1 5 14 7 16 5 3 49 AOE 349 | . 17 . . . 139 . 41 . . 152 Terrain Rammed . | . . . . . . . . . . . Walls Destroyed . | . . . . . . . . . . . Machines Disabled . | . . . . . . . . . . . Actions | -11 -10 -10 -9 -8 -7 -6 -6 -6 -6 -6 --------- Run | Yrd Mat Min Mat Mat Fac Fac Ext Cet Arc Hub Total 8205 | 76 619 733 587 561 1266 460 1074 320 1832 677 Wait 1861 | 2 33 2 59 29 65 27 31 3 1483 127 Move 5058 | 60 494 703 416 376 1039 383 668 193 282 444 Hop . | . . . . . . . . . . . Pick Up 140 | 6 17 7 22 22 20 6 16 15 7 2 Fast Attach 30 | 7 3 . . 1 5 1 6 6 1 . Attach 74 | . 2 2 4 22 10 2 14 6 3 9 Detach 19 | . 3 . . 3 6 . 2 4 1 . Swap 139 | . 7 2 13 6 20 15 25 21 13 17 Drop 133 | . 11 4 22 11 24 11 16 24 9 1 Fire 510 | 1 47 9 50 87 70 15 83 40 33 75 Melee . | . . . . . . . . . . . Ram . | . . . . . . . . . . . Kick . | . . . . . . . . . . . Crush 23 | . 2 4 1 4 7 . 3 . . 2 Escape Stasis . | . . . . . . . . . . . Rewire 210 | . . . . . . . 210 . . . Trap . | . . . . . . . . . . . Miscellaneous 8 | . . . . . . . . 8 . . Route ------- -11/Scrapyard -10/Materials (discovered 4 exits: *Mat x2 / [*Min x2]) -10/Mines (discovered 2 exits: *Mat x2) -9/Materials (discovered 2 exits: *Mat / [*Min]) -8/Materials -7/Factory -6/Factory (discovered 2 exits: [*Low] / *Ext) -6/Extension (discovered 2 exits: *Fac / *Cet) -6/Cetus (discovered 2 exits: *Fac / *Arc) -6/Archives (discovered 3 exits: *Fac / *Hub x2) -6/Hub_04(d) (discovered 4 exits: *Fac x4) History --------- Turn | Location | Event 5 | -11/Scrapyard | Discovered new exit (range 15) 88 | -11/Scrapyard | Entered Materials 312 | -10/Materials | Build established: Mutant 422 | -10/Materials | Discovered new exit (range 7) 528 | -10/Materials | Discovered new exit (range 14) 648 | -10/Materials | Discovered new exit (range 16) 717 | -10/Materials | Core integrity fell below 50% 955 | -10/Materials | Discovered new exit (range 6) 973 | -10/Materials | Entered Mines 1071 | -10/Mines | Met a Derelict bent on vengeance 1153 | -10/Mines | Discovered new exit (range 9) 2647 | -10/Mines | Discovered new exit (range 10) 2710 | -10/Mines | Entered Materials 2710 | -9/Materials | Accompanied by 1 ally 2710 | -9/Materials | Evolved 2 slots: Utility x2 2715 | -9/Materials | Led the pair of lost Derelicts to an unsafe place 3068 | -9/Materials | Discovered new exit (range 9) 3701 | -9/Materials | Discovered new exit (range 5) 3970 | -9/Materials | Entered another Materials area 3970 | -8/Materials | Evolved 2 slots: Propulsion x1, Utility x1 4063 | -8/Materials | Garrison activated, responded to threat 4112 | -8/Materials | Destroyed 7 combat bots 4383 | -8/Materials | Discovered new exit (range 15) 4606 | -8/Materials | Lost 6 parts (2p2n1u1w) 4671 | -8/Materials | Lost 4 parts (1n2u1w) 4906 | -8/Materials | Build established: Scavenger-Mutant 4969 | -8/Materials | Entered Factory 4969 | -7/Factory | Evolved 2 slots: Propulsion x1, Utility x1 5134 | -7/Factory | Repaired Hrd. Heavy Armor Plating 5694 | -7/Factory | Discovered new exit (range 9) 6969 | -7/Factory | First assault squad dispatched 7011 | -7/Factory | Entered another Factory area 7011 | -6/Factory | Evolved 2 slots: Power x1, Propulsion x1 7642 | -6/Factory | Discovered new exit (range 12) 7663 | -6/Factory | Discovered new exit (range 9) 7682 | -6/Factory | Cargo convoy interrupted 7730 | -6/Factory | Entered Extension 7784 | -6/Extension | Rescued a captive Derelict 8061 | -6/Extension | Rescued A7 8311 | -6/Extension | Build established: Commander-Mutant 8476 | -6/Extension | Spotted B-75 Beast 8493 | -6/Extension | Spotted B-75 Beast 8502 | -6/Extension | Allies destroyed B-75 Beast 8520 | -6/Extension | Allies destroyed B-75 Beast 8531 | -6/Extension | Lost 3 allies 8639 | -6/Extension | Build established: Scavenger-Mutant 8705 | -6/Extension | Lost 4 allies 8757 | -6/Extension | Extracted ID and sensor layout for unrecognized location from A7's data core 8912 | -6/Extension | Energy Cycler disabled 8914 | -6/Extension | Rescued a captive Derelict 8933 | -6/Extension | Rescued a captive Derelict 8944 | -6/Extension | Lost 7 allies 9013 | -6/Extension | Lost 14 parts (2p7n5u) 9392 | -6/Extension | Discovered new exit (range 10) 9394 | -6/Extension | Discovered new exit (range 6) 9405 | -6/Extension | Disrupted transfer network 9430 | -6/Extension | Entered Cetus 9430 | -6/Cetus | Accompanied by 8 allies 9452 | -6/Cetus | Spotted Cetus Guard 9452 | -6/Cetus | Spotted Cetus Guard 9454 | -6/Cetus | Spotted Cetus Guard 9454 | -6/Cetus | Spotted Cetus Guard 9466 | -6/Cetus | Destroyed Cetus Guard 9493 | -6/Cetus | Destroyed Cetus Guard 9499 | -6/Cetus | Destroyed Cetus Guard 9506 | -6/Cetus | Lost 8 allies 9521 | -6/Cetus | Lost 3 parts (2p1n) 9742 | -6/Cetus | Discovered new exit (range 16) 9768 | -6/Cetus | Spotted Cetus Guard 9768 | -6/Cetus | Spotted Cetus Guard 9771 | -6/Cetus | Spotted Cetus Guard 9771 | -6/Cetus | Spotted Cetus Guard 9787 | -6/Cetus | Destroyed Cetus Guard 9798 | -6/Cetus | Destroyed Cetus Guard 9804 | -6/Cetus | Destroyed Cetus Guard 9836 | -6/Cetus | Destroyed Cetus Guard 9861 | -6/Cetus | Discovered new exit (range 16) 9869 | -6/Cetus | Met Revision 17 9961 | -6/Cetus | Entered Archives 10008 | -6/Archives | Core integrity fell below 50% 10079 | -6/Archives | Unable to access archive contents 10085 | -6/Archives | Discovered new exit (range 15) 10120 | -6/Archives | Discovered new exit (range 15) 10185 | -6/Archives | Unable to access archive contents 10493 | -6/Archives | Unable to access archive contents 10509 | -6/Archives | Unable to access archive contents 10532 | -6/Archives | Discovered new exit (range 15) 12029 | -6/Archives | Entered Hub_04(d) 12058 | -6/Hub_04(d) | Identified exit to Factory 13027 | -6/Hub_04(d) | Network Hub disabled 13048 | -6/Hub_04(d) | Spotted Lightning 13056 | -6/Hub_04(d) | Spotted Lightning 13058 | -6/Hub_04(d) | Spotted Lightning 13061 | -6/Hub_04(d) | Destroyed Lightning 13079 | -6/Hub_04(d) | First assault squad dispatched 13091 | -6/Hub_04(d) | Spotted Lightning 13093 | -6/Hub_04(d) | System corruption reached 10% 13095 | -6/Hub_04(d) | Spotted Lightning 13098 | -6/Hub_04(d) | Destroyed Lightning 13098 | -6/Hub_04(d) | Spotted Lightning 13108 | -6/Hub_04(d) | Core integrity fell below 20% 13118 | -6/Hub_04(d) | Released all parts (5) 13121 | -6/Hub_04(d) | Destroyed by G-50 Soldier with Heavy Laser Last Messages --------------- 13107_ EMDS Slug penetrates Wall. 13107_ Adv. Variable Charge Gun destroyed. 13107_ EMDS Slug penetrates Wall. 13109_ Penetrated by EMDS Slug. 13110_ Wall collapses. 13114_ EMDS Slug penetrates Wall. 13114_ Centrium Heavy Treads destroyed. 13114_ EMDS Slug penetrates Wall. 13115_ Lgt. Treads destroyed. 13115_ Neutrino Core destroyed. 13116_ EMDS Slug penetrates Wall. 13116_ Lgt. Treads destroyed. 13118_ Released Graphene Brace. 13118_ Released Adv. Heat Sink. 13118_ Released Huge Storage Unit. 13118_ Released Imp. Hacking Suite. 13118_ Released Imp. System Shield. 13119_ System corrupted: Matter fused (-9). 13120_ Penetrated by EMDS Slug. 13121_ Acquired 108 matter. Map ----- +----------------------------------------------------+ | ??????????###+###+### # = #???## """" | | ??????????# # # #????# """" | | ??????????#""" # # """" ###### """" | | ??????????#"T "" " + """" + + """" " | | ??????????#""" " |# """" ###### | | ??????????# """ " =%# """" #????#######+### | | ??????????# " =!# / #?????????# + | | ??????????# """ """ "!%[###########?????????# # | | ??????????# " = ###########?????????# + | | ??????????#####+####" # ?????###?# # | | ?????????????## # " =%; ???###T### # | | ???????????###""""""" C ;;;;;;""""""### # | | ???????????# ; """" ] # | | ???????????# ; *!; " T # | | ???????????# ; |; ; "" ""T"" #! | | ???????????# ;[%*; ;;## """"" ## | | ???????????# ; =; ; = | | ???????????# ;!=!; ; ! | | ???????????# !=;==%* ;;;;###### | | ???????????# ! *!![== % ! %$ ;; /!## ## | | ???????????# *!!]!!=; % * ;; / ## ## | | ???????????#######|#[!% ; =g ;; ## # | | ?????????????????# !!!; g ;; ! ## # | | ????????????????## !%;;;;;;;;;;;;; ## # | | ????????????????#;= *=;;;;;;!!*; ; % ## # | | ???????????????# !*! !==@=!! g%]; ;###+#### # | | ??????????????###[%%%h !#;;;;;;; #"##### ##?##### | | ??????????????#!!%!!! ###### # ####### | | ??????????????#!!;;;"#"#"###???# + | | ??????????????#=# # ?????????????? ## | | ????????????? ### ????????????? #? | | ???????????# ???# #???????????? #? | | ???????????# ???# " #???????????########+## | | ???????????" ????/ #???????????# ! # | | ???????????? ????## "" #???????????# + | | ??????????????????# #???????????# """" # | | ??????????????????# """ #???????????? """" # | | ??????????????????# ?? /???????????? """" # | | ???????????????????#???#####???????????? """" # | | ???????????????????????????????????????? # | | ???????????????????????????????????????? # | | ????????????????????????????????????????########## | | ????????????????????????????????????????## #???? | | ???????????????????????????????????????? < #???? | | ????????????????????????????????????????## #???? | | ?????????????????????????????????????????#####???? | | ?????????????????????????????????????????????????? | | ?????????????????????????????????????????????????? | | | | | +----------------------------------------------------+ Best States ------------- Heat Dissipation 83 Coolant Potential 65 Energy Generation 45 Energy Capacity 600 Matter Stores 300 Matter Capacity 300 Sight Range 16 Terrain Scan Density 10 Jamming Range 12 Armor Coverage 900 Resistance: EM 15 Evasion (%) 55 Recoil Reduction 5 Particle Charging 20 Offensive Hacking 24 Defensive Hacking 12 Item Schematics ----------------- Force Field | -6/Hub_04(d) | Hacked Robot Schematics ------------------ None Fabricated ------------ Nothing Alien Tech Used ----------------- None Achievements -------------- It Was An Accident, I Swear Revising The Future Challenges ------------ None Game ------ Seed MeleeWaveDoomcannon Manual? 0 Play Time 03:27:18 Cumulative 140.6 hours Start 2025.01.04 @ 00:05:18 End 2025.01.04 @ 20:53:39 Sessions 11 Manual Loads 0 Difficulty Rogue Special Mode None Game No. 46 Rogue 46 Adventurer 0 Explorer 0 Win Type - Total 1 Types 1/0/0/0/0/0/0/0/0 Lore% 49 Gallery% 63 Achievement% 51 Wizard Run 0 Options --------- Layout 0 ASCII 0 Keyboard 1 Movement Arrows Keybinds 0 Fullscreen 2 Font 36/Terminus++ Map View 76x50 Zoom Use 0% Tactical HUD 1 Map Filters NONE Filters NONE Steam 1 RUN: 06a17d26-dd8a-4d1c-8f19-ebeff1d83626